 Dungeon Crawl Stone Soup version 0.15.0-18-g9076a4f (webtiles) character file.

2839 Johnny the Hoplite (level 10, 0/75 (79) HPs)
             Began as a Formicid Fighter on Sept 7, 2014.
             Slain by a centaur warrior (5 damage)
             ... on Level 14 of the Dungeon.
             The game lasted 00:26:52 (7238 turns).

Johnny the Hoplite (Formicid Fighter)               Turns: 7238, Time: 00:26:52

HP   0/75 (79)   AC 10     Str 18      XL: 10   Next:  3%
MP  13/13        EV  8     Int 11      God:
Gold 178         SH 12     Dex 13      Spells:  0 memorised,  9 levels left

rFire  + . .     SeeInvis +     j - +1 spear (vamp)
rCold  x . .     Clarity  .     b - +0 scale mail
rNeg   . . .     rCorr    .     c - +1 shield
rPois  .         rRot     .     (helmet unavailable)
rElec  .         Spirit   .     i - +0 cloak
SustAb .         Warding  .     (no gloves)
rMut   .         Stasis   +     w - +0 pair of boots
Gourm  .                        (no amulet)
MR     +....                    (no ring)
                                e - ring of fire

@: starving, somewhat resistant to hostile enchantments, extremely unstealthy
A: permanent stasis, dig shafts and tunnels, four strong arms, antennae 3,
clever 1, weak 1, placid magic 1
a: Dig, Shaft Self


You were on level 14 of the Dungeon.
You were starving.

You visited 2 branches of the dungeon, and saw 12 of its levels.

You collected 178 gold pieces.

Inventory:

Hand weapons
 j - a +1 vampiric spear (weapon)
Missiles
 a - 7 javelins of penetration
 q - 4 tomahawks (quivered)
Armour
 b - a +0 scale mail (worn)
 c - a +1 shield (worn)
 i - a +0 cloak (worn)
 s - a mottled dragon hide
 w - a +0 pair of boots (worn)
Magical devices
 B - a wand of confusion (0)
Scrolls
 d - 3 scrolls of random uselessness
 p - 2 scrolls of amnesia
 u - a scroll of enchant armour
 y - 2 scrolls of remove curse
Jewellery
 e - a ring of fire (left hand)
Potions
 g - a potion of beneficial mutation
 h - a potion of cancellation
 k - 2 potions of lignification
 n - 2 potions of haste


   Skills:
 * Level 7.4 Fighting
   Level 2.0(4.0) Axes
 * Level 5.4(5.6) Polearms
 * Level 7.1 Armour
 * Level 5.0 Dodging
 * Level 8.2 Shields


You had 9 spell levels left.
You didn't know any spells.

Dungeon Overview and Level Annotations

Branches:
Dungeon (14/15)            Temple (1/1) D:4
    Orc: D:9-12        Lair: D:8-11      Vaults: D:13-14

Altars:
Cheibriados
Dithmenos
Elyvilon
Kikubaaqudgha
Nemelex Xobeh
Okawaru
Vehumet
Xom
Yredelemnul
Zin
The Shining One

Annotations:
D:3 MDvedh's ghost, weakling GrSu
D:6 toxicsyntax's ghost, experienced MiFi
D:12 exclusion: 2 statues


Innate Abilities, Weirdness & Mutations

Your are under a permanent stasis effect.
You can dig through walls and to a lower floor.
Your four strong arms can wield two-handed weapons with a shield.
You have a pair of large antennae on your head (SInv).
Your mind is acute. (Int +2)
You are weak. (Str -2)
Your spells are a little easier to cast, but a little less powerful.


Message History

The centaur warrior is lightly wounded.
You block the centaur warrior's attack.
You hit the centaur warrior but do no damage.
The centaur warrior is lightly wounded.
You block the centaur warrior's attack. The centaur warrior hits you.
* * * LOW HITPOINT WARNING * * *
You hit the centaur warrior but do no damage.
The centaur warrior is lightly wounded.
You block the centaur warrior's attack.
You puncture the centaur warrior!
You feel better.
The centaur warrior is lightly wounded.
The centaur warrior hits you!
* * * LOW HITPOINT WARNING * * *
You closely miss the centaur warrior.
The centaur warrior is lightly wounded.
The centaur warrior hits you but does no damage.
You hit the centaur warrior but do no damage.
The centaur warrior is lightly wounded.
The centaur warrior hits you.
You die...

#.... #c..#
#...# #...#
#.(.# #.((#
#..(#
#...############
#...c@(.........
#..#############
#..# #..# #..#
#..# #..# #..#
#..####+##


You could see a centaur warrior.

Vanquished Creatures
  3 yaks (D:9)
  A shadow (D:12)
  A water moccasin (D:9)
  A necrophage (D:5)
  A phantom (D:9)
  An ice beast (D:7)
  2 big kobolds
  2 centaurs
  Blork the orc (D:6)
  8 wights (D:9)
  A goliath beetle (D:7)
  5 hounds
  2 crimson imps
  4 orc priests
  3 jellies
  2 giant frog skeletons
  7 orc wizards
  2 iguanas
  4 worker ants
  Ijyb (D:2)
  A gnoll zombie (D:7)
  6 gnolls
  2 adders (D:12)
  3 shadow imps
  2 giant mites
  2 worms
  3 oozes
  31 orcs
  A ball python (D:6)
  A bat skeleton (D:7)
  3 giant cockroaches
  10 goblins
  8 hobgoblins
  12 jackals
  16 kobolds
  4 quokkas
  4 bats
  2 giant geckos
  2 giant newts
  A giant spore (D:12)
  10 rats
  A rat skeleton (D:4)
  A ballistomycete (D:12)
178 creatures vanquished.

Vanquished Creatures (others)
  A giant frog (D:6)
1 creature vanquished.

Grand Total: 179 creatures vanquished

Notes
Turn   | Place    | Note
--------------------------------------------------------------
     0 | D:1      | Johnny, the Formicid Fighter, began the quest for the Orb.
     0 | D:1      | Reached XP level 1. HP: 18/18 MP: 1/1
   114 | D:1      | Reached skill level 4 in Shields
   114 | D:1      | Reached XP level 2. HP: 16/24 MP: 3/3
   726 | D:2      | Reached XP level 3. HP: 29/29 MP: 4/4
   801 | D:2      | Noticed Ijyb
   826 | D:2      | Killed Ijyb
   990 | D:3      | Reached XP level 4. HP: 37/37 MP: 5/5
  1007 | D:3      | Reached skill level 1 in Polearms
  1208 | D:3      | Reached skill level 1 in Dodging
  1231 | D:3      | Noticed MDvedh's ghost (weakling GrSu)
  1276 | D:3      | Reached XP level 5. HP: 42/42 MP: 7/7
  1714 | D:4      | Reached skill level 5 in Shields
  1875 | D:4      | Found a staircase to the Ecumenical Temple.
  1904 | D:4      | Reached XP level 6. HP: 36/48 MP: 8/8
  2017 | Temple   | Entered the Ecumenical Temple
  2294 | D:4      | Found a sparkling altar of Nemelex Xobeh.
  2338 | D:4      | Reached XP level 7. HP: 55/55 MP: 9/9
  2515 | D:5      | Entered Level 5 of the Dungeon
  3014 | D:5      | Reached skill level 5 in Armour
  3073 | D:5      | Reached skill level 6 in Shields
  3187 | D:6      | Reached skill level 5 in Fighting
  3468 | D:6      | Noticed an angel
  3469 | D:6      | Found a white marble altar of Elyvilon.
  3487 | D:6      | Noticed Blork the orc
  3513 | D:6      | Reached XP level 8. HP: 58/58 MP: 11/11
  3515 | D:6      | Killed Blork the orc
  3622 | D:6      | Noticed toxicsyntax's ghost (experienced MiFi)
  5014 | D:8      | Found a shadowy altar of Dithmenos.
  5015 | D:8      | Found a radiant altar of Vehumet.
  5017 | D:8      | Found a shadowy altar of Dithmenos.
  5067 | D:8      | You fall through a shaft!
  5067 | D:9      | Found a glowing golden altar of the Shining One.
  5327 | D:9      | Reached XP level 9. HP: 61/65 MP: 12/12
  5372 | D:9      | Reached skill level 7 in Shields
  5914 | D:9      | Gained mutation: Your mind is acute. (Int +2) [potion of mutation]
  5914 | D:9      | Gained mutation: You are weak. (Str -2) [potion of mutation]
  5914 | D:9      | Gained mutation: Your spells are a little easier to cast, but a little less powerful. [potion of mutation]
  5933 | D:9      | Reached skill level 5 in Polearms
  6482 | D:9      | Noticed a two-headed ogre
  6525 | D:9      | You fall through a shaft for 3 floors!
  6534 | D:12     | Reached skill level 8 in Shields
  6642 | D:12     | Reached XP level 10. HP: 52/75 MP: 13/13
  6689 | D:12     | Reached skill level 5 in Dodging
  6866 | D:12     | Noticed an archer statue
  6881 | D:12     | Noticed an archer statue
  6941 | D:12     | Noticed a four-headed hydra
  6947 | D:12     | You fall through a shaft for 2 floors!
  7191 | D:14     | Noticed a centaur warrior
  7238 | D:14     | Slain by a centaur warrior

Action                   |  1- 3 |  4- 6 |  7- 9 | 10-12 || total
-------------------------+-------+-------+-------+-------++-------
Melee: War axe           |    18 |       |       |       ||    18
       Spear             |    93 |   351 |   911 |    71 ||  1426
Throw: Tomahawk          |       |       |     2 |       ||     2
 Abil: Shaft Self        |       |       |     2 |     1 ||     3
       Dig               |       |       |     2 |       ||     2
Evoke: Wand              |       |       |     3 |       ||     3
  Use: Scroll            |     5 |     3 |     4 |     2 ||    14
       Potion            |       |       |    16 |     3 ||    19
 Stab: Confused          |       |       |     2 |       ||     2
  Eat: Bread ration      |     1 |       |       |       ||     1
       Chunk             |       |     5 |    11 |     1 ||    17
       Meat ration       |       |       |     1 |       ||     1
